 Dungeon Sprint DCSS version 0.28-a0-863-g8cecda6153 (webtiles) character file.

Game seed: 13911116091898488956

2807 emperorscorpion the Thaumaturge (level 10, -6/68 HPs)
             Began as a Djinni Air Elementalist on Nov 17, 2021.
             Was a Priest of Makhleb.
             Mangled by a four-headed hydra (9 damage)
             ... in the Dungeon (Sprint IX: "|||||||||||||||||||||||||||||").
             The game lasted 00:05:34 (469 turns).

emperorscorpion the Thaumaturge (DjAE)               Turns: 469, Time: 00:05:35

Health: -6/68      AC: 12    Str: 10    XL:     10   Next: 2%
Gold:   0          EV: 14    Int: 17    God:    Makhleb [***...] SH:  0 Dex: 17

rFire   + + .      SeeInvis .   i - +2 halberd of Dushif {vorpal, rPois rC+}
rCold   . . .      Faith    .   (shield currently unavailable)
rNeg    . . .      Spirit   .   l - +1 scale mail
rPois   ∞          Reflect  .   (no helmet)
rElec   .          Harm     .   j - +0 cloak
rCorr   .          Rampage  .   k - +0 pair of gloves
Will    +....      NoTele   +   (boots unavailable)
Stlth   +.........              (no amulet)
HPRegen 0.21/turn               m - +2 ring of evasion
MPRegen 0.00/turn               n - +3 ring of strength

@: flying
A: sickness immunity, fire resistance 2, cold vulnerability 1, float, innate
caster, hp casting, extra vitality 1
a: Renounce Religion, Minor Destruction, Lesser Servant of Makhleb


You were in the Dungeon.
You worshipped Makhleb.
Makhleb was most pleased with you.
You visited 1 branch

Inventory:

Hand Weapons
 a - a +0 dagger
 i - the +2 halberd of Dushif (weapon) {vorpal, rPois rC+}
   (You found it in the Dungeon)

   It inflicts extra damage upon your enemies.
   rC:        It protects you from cold.
   rPois:     It protects you from poison.
Armour
 g - a +0 robe
 j - a +0 cloak (worn)
 k - a +0 pair of gloves (worn)
 l - a +1 scale mail (worn)
Jewellery
 m - a +2 ring of evasion (left hand)
 n - a +3 ring of strength (right hand)
Potions
 b - 5 potions of curing
 d - a potion of haste
 e - a potion of invisibility


   Skills:
 + Level 4.2 Fighting
 + Level 4.0 Short Blades
 * Level 8.5 Armour
 + Level 8.9 Dodging
 - Level 3.3 Stealth
 + Level 11.9 Spellcasting
 * Level 8.4 Invocations
 + Level 2.0 Evocations


You had 13 spell levels left.
You knew the following spells:

 Your Spells              Type           Power      Damage    Failure   Level
a - Shock                 Conj/Air       100%       1d9       1%          1
b - Static Discharge      Conj/Air       50%        N/A       1%          2
c - Swiftness             Air            50%        N/A       1%          3
d - Airstrike             Air            25%        N/A       2%          4
e - Freeze                Ice            100%       1d11      1%          1
f - Searing Ray           Conj           100%       2d8       1%          2
g - Ensorcelled Hibernat  Hex/Ice        100%       N/A       1%          2
h - Iskenderun's Mystic   Conj/Tloc      50%        2d11      2%          4
Your spell library was empty.

Dungeon Overview and Level Annotations

Branches:
Dungeon (1/1)

Altars:
Cheibriados
Dithmenos
Elyvilon
Fedhas
Gozag
Hepliaklqana
Kikubaaqudgha
Makhleb
Nemelex Xobeh
Okawaru
Qazlal
Ru
Sif Muna
Trog
Uskayaw
Vehumet
Wu Jian
Xom
Yredelemnul
Zin
The Shining One
Beogh
Jiyva
Lugonu


Innate Abilities, Weirdness & Mutations

You are immune to sickness and miasma.
You are immune to poison.
Your flesh is very heat resistant. (rF++)
You are vulnerable to cold. (rC-)
You float through the air rather than walking.
You learn spells naturally, not from books.
Your magical power is your life essence.
You have superior vitality. (+4 HP)


Message History

The zap misses the centaur warrior.
Unknown command.
Aiming: Iceblast
Press: ? - help, Shift-Dir - straight line, f/p - four-headed hydra
Aim: a four-headed hydra (lightly wounded)
The mass of ice explodes!
The iceblast engulfs the four-headed hydra!!
The four-headed hydra is heavily wounded.
The iceblast engulfs the centaur warrior!!
The centaur warrior is heavily wounded.
Casting: Shock (safe; 1% risk of failure)
Confirm with . or Enter, or press ? or * to list all spells.
Aiming: Shock (safe; 1% risk of failure)
Press: ? - help, Shift-Dir - straight line, f/p - four-headed hydra
Aim: a four-headed hydra (heavily wounded, 91% to hit)
The zap hits the four-headed hydra.
The four-headed hydra is heavily wounded.
The zap hits the centaur warrior!
The centaur warrior is severely wounded.
Aiming: Iceblast
Press: ? - help, Shift-Dir - straight line, f/p - four-headed hydra
Aim: a four-headed hydra (heavily wounded)
The mass of ice explodes!
The iceblast engulfs the four-headed hydra!
The four-headed hydra is severely wounded.
The now-empty wand crumbles to dust.
Unknown command.
Casting: Shock (safe; 1% risk of failure)
Confirm with . or Enter, or press ? or * to list all spells.
The four-headed hydra is struck by an arc of lightning!
The four-headed hydra is almost dead.
You are struck by an arc of lightning.
The four-headed hydra is struck by an arc of lightning.
The four-headed hydra is almost dead.
The lightning grounds out.
The four-headed hydra bites you!
* * * LOW HITPOINT WARNING * * *
The four-headed hydra bites you!
* * * LOW HITPOINT WARNING * * *
The four-headed hydra bites you!
You die...

▓†▓
▓.▓
▓.▓
▓.▓
▓.▓
▓.▓
▓c▓
▓D▓
▓@▓
▓.▓
▓<▓
▓▓▓


You could see a four-headed hydra and a centaur warrior.

Vanquished Creatures
  A hydra (D)
  A centaur warrior (D)
  A two-headed ogre (D)
  An ugly thing (D)
  A slime creature (D)
  A wyvern (D)
  A necrophage (D)
  A centaur (D)
  A gnoll sergeant (D)
  A scorpion (D)
  An adder (D)
  A bat zombie (D)
  A giant cockroach (D)
  A jackal (D)
  2 ball pythons (D)
  2 ball python zombies (D)
  A kobold (D)
  A rat (D)
20 creatures vanquished.

Notes
Turn   | Place    | Note
-------+----------+-------------------------------------------
     0 | D        | emperorscorpion the Djinni Air Elementalist began the quest
                  | for the Orb.
     0 | D        | Reached XP level 1. HP: 15/15 MP: 0/0
     5 | D        | Reached skill level 3 in Spellcasting
    41 | D        | Noticed a scorpion
    41 | D        | Noticed a necrophage
    51 | D        | Killed a necrophage
    52 | D        | Reached skill level 6 in Spellcasting
    52 | D        | Reached XP level 2. HP: 21/21 MP: 0/0
    52 | D        | Reached XP level 3. HP: 25/25 MP: 0/0
    52 | D        | Learned a level 1 spell: Freeze
    52 | D        | Reached XP level 4. HP: 31/31 MP: 0/0
    61 | D        | Killed a scorpion
    62 | D        | Reached skill level 1 in Short Blades
    62 | D        | Reached skill level 7 in Spellcasting
    62 | D        | Reached XP level 5. HP: 16/36 MP: 0/0
    62 | D        | Learned a level 2 spell: Searing Ray
    70 | D        | Found a snail-covered altar of Cheibriados.
    70 | D        | Found a shadowy altar of Dithmenos.
    70 | D        | Found a white marble altar of Elyvilon.
    70 | D        | Found a blossoming altar of Fedhas.
    70 | D        | Found an opulent altar of Gozag.
    71 | D        | Found a hazy altar of Hepliaklqana.
    72 | D        | Found a viscous altar of Jiyva.
    74 | D        | Found a corrupted altar of Lugonu.
    75 | D        | Found a burning altar of Makhleb.
    76 | D        | Found a sparkling altar of Nemelex Xobeh.
    77 | D        | Found an iron altar of Okawaru.
    78 | D        | Found a stormy altar of Qazlal.
    79 | D        | Found a sacrificial altar of Ru.
    81 | D        | Found a bloodstained altar of Trog.
    82 | D        | Found a hide-covered altar of Uskayaw.
    83 | D        | Became a worshipper of Makhleb the Destroyer
    85 | D        | Found an ornate altar of the Wu Jian Council.
    86 | D        | Found a shimmering altar of Xom.
    87 | D        | Found a basalt altar of Yredelemnul.
    88 | D        | Found a glowing silver altar of Zin.
    89 | D        | Found a glowing golden altar of the Shining One.
   105 | D        | Got the +2 halberd of Dushif {vorpal, rPois rC+}
   254 | D        | Noticed a two-headed ogre
   254 | D        | Noticed a wyvern
   254 | D        | Noticed a centaur
   261 | D        | Killed a centaur
   261 | D        | Reached * piety under Makhleb
   262 | D        | Reached skill level 1 in Fighting
   262 | D        | Reached skill level 5 in Dodging
   262 | D        | Reached XP level 6. HP: 18/42 MP: 0/0
   262 | D        | Killed a wyvern
   263 | D        | Reached skill level 8 in Spellcasting
   263 | D        | Reached XP level 7. HP: 18/47 MP: 0/0
   263 | D        | Learned a level 2 spell: Ensorcelled Hibernation
   263 | D        | Killed a two-headed ogre
   263 | D        | Reached ** piety under Makhleb
   264 | D        | Reached skill level 5 in Armour
   264 | D        | Reached skill level 10 in Spellcasting
   264 | D        | Reached skill level 5 in Invocations
   264 | D        | Reached XP level 8. HP: 32/54 MP: 0/0
   386 | D        | Noticed a centaur warrior
   386 | D        | Noticed a four-headed hydra
   386 | D        | Noticed a four-headed hydra
   386 | D        | Noticed a slime creature
   386 | D        | Noticed a centaur warrior
   386 | D        | Noticed a brown ugly thing
   417 | D        | Killed a brown ugly thing
   418 | D        | Reached XP level 9. HP: 37/59 MP: 0/0
   418 | D        | Learned a level 4 spell: Iskenderun's Mystic Blast
   423 | D        | Killed a slime creature
   424 | D        | Reached skill level 11 in Spellcasting
   429 | D        | HP: 1/59 [centaur warrior (9)]
   431 | D        | Killed a centaur warrior
   432 | D        | Reached skill level 1 in Evocations
   461 | D        | Killed a four-headed hydra
   461 | D        | Reached *** piety under Makhleb
   462 | D        | Reached XP level 10. HP: 29/68 MP: 0/0
   469 | D        | HP: 3/68 [four-headed hydra (11)]
   469 | D        | Mangled by a four-headed hydra

Illustrated notes

Levels and vault maps discovered:
D:        linesprint [early_d, line_temple, items_1, d_10, items_2, lair_1,
          lair_end, items_3, orc_1, orc_end, items_4, d_15, swamp_1, shoals_1,
          snake_1, spider_1, d_20, vaults_1, items_5, swamp_end, shoals_end,
          snake_end, spider_end, vaults_end, d_27, items_6, zot_1, zot_end,
          crypt_end, forest_end, elf_end, slime_end, tomb_end, abyss_end,
          pan_hell_end]

Skill      XL: |  1  2  3  4  5  6  7  8  9 |
---------------+----------------------------+-----
Spellcasting   | 6 7 8 10 11 | 11.9
Dodging        | 4 5 6 7 8 |  8.9
Stealth        | 2 3 |  3.3
Short Blades   | 1 2 3 4 |  4.0
Fighting       | 1 2 4 |  4.2
Armour         | 2 3 5 6 8 |  8.5
Invocations    | 2 3 5 6 8 |  8.4
Evocations     | 2 |  2.0

Action                   |  1- 3 |  4- 6 |  7- 9 | 10-12 || total
-------------------------+-------+-------+-------+-------++-------
Melee: Dagger            |     9 |     6 |       |       ||    15
 Cast: Shock             |     2 |    14 |     9 |     4 ||    29
       Static Discharge  |       |       |     8 |     1 ||     9
       Swiftness         |       |       |     2 |       ||     2
       Ensorcelled Hiber |       |       |     1 |       ||     1
       Iskenderun's Myst |       |       |     2 |       ||     2
Evoke: Wand              |       |       |     8 |     2 ||    10
  Use: Potion            |     1 |       |     3 |       ||     4
       Scroll            |       |       |     1 |     1 ||     2
Armor: Robe              |     2 |       |       |       ||     2
       Scale mail        |       |     2 |    14 |       ||    16
Dodge: Dodged            |     3 |    14 |    16 |       ||    33

Table legend: (Time is in decaauts)
 A = Elapsed time spent in this place.
 B = Non-inter-level travel time spent in this place.
 C = Inter-level travel time spent in this place.
 D = Time resting spent in this place.
 E = Time spent auto-exploring this place.
 F = Levels seen in this place.
 G = Mean time per level.
                   A        B        C        D        E       F      G
               +--------+--------+--------+--------+--------+-----+--------+
         Total |    471 |    471 |      0 |    256 |      0 |   1 |  471.0 |
       Dungeon |    471 |    471 |      0 |    256 |      0 |   1 |  471.0 |
               +--------+--------+--------+--------+--------+-----+--------+

Top non-repeatable levels by time:
       D: 471 daAuts
